 Dungeon Crawl Stone Soup version 0.27.1-33-g824d729ab1 (webtiles) character file.

Game seed: 14128973574444495465

57 ces the Skirmisher (level 3, -3/29 HPs)
             Began as a Demonspawn Fighter on Dec 1, 2021.
             Slain by a gnoll (7 damage)
             ... on level 3 of the Dungeon.
             The game lasted 00:02:19 (2476 turns).

ces the Skirmisher (Demonspawn Fighter)             Turns: 2476, Time: 00:02:20

Health: -3/29      AC:  6    Str: 15 (17) XL:     3   Next: 73%
Magic:  3/3        EV:  6    Int:  6 (9)  God:
Gold:   89         SH:  9    Dex: 10 (12) Spells: 2/2 levels left

rFire    . . .     SeeInvis .   a - +0 war axe
rCold    . . .     Faith    .   c - +1 kite shield
rNeg     . . .     Spirit   .   b - +0 scale mail
rPois    .         Reflect  .   (no helmet)
rElec    .         Harm     .   (no cloak)
rCorr    .         Rampage  .   (no gloves)
Will     .....                  (no boots)
Stlth    ..........             (no amulet)
HPRegen  0.09/turn              (no ring)
MPRegen  0.08/turn              (no ring)

@: no status effects
A: demonic guardian 1, foul stench 1
a: no special abilities


You were on level 3 of the Dungeon.
You visited 1 branch of the dungeon, and saw 3 of its levels.

You collected 89 gold pieces.

Inventory:

Hand Weapons
 a - a +0 war axe (weapon)
Missiles
 j - 18 bolts
Armour
 b - a +0 scale mail (worn)
 c - a +1 kite shield (worn)
Scrolls
 e - a scroll of teleportation {unknown}
 f - a scroll of enchant armour
 g - 2 scrolls of amnesia {unknown}
 h - a scroll of immolation {unknown}
 l - a scroll of fear {unknown}
 m - a scroll of vulnerability {unknown}
Potions
 d - a potion of might


   Skills:
 + Level 3.3 Fighting
 + Level 2.8 Axes
 + Level 3.0 Armour
 + Level 0.1 Dodging
 + Level 3.0 Shields


You had 2 spell levels left.
You didn't know any spells.
Your spell library was empty.

Dungeon Overview and Level Annotations

Branches:
Dungeon (3/15)

Altars:


Innate Abilities, Weirdness & Mutations

A weak demonic guardian rushes to your aid.
You may rarely emit foul miasma when damaged in melee.


Message History

The gnoll shouts! x3
The endoplasm freezes you.
You are frozen.
The gnoll completely misses you.
You closely miss the gnoll. You block the gnoll's attack.
You closely miss the gnoll. You hit the endoplasm.
The endoplasm barely misses you. The gnoll hits you with a +0 club.
Your shield and scale mail prevent you from hitting the endoplasm.
The endoplasm is almost dead.
You barely miss the gnoll. The endoplasm freezes you.
You are frozen.
The gnoll hits you with a +0 club. The endoplasm barely misses you.
You block the gnoll's attack.
You slash the endoplasm!
You kill the endoplasm!
You hit the gnoll. You block the gnoll's attack. x2
The gnoll hits you with a +0 club.
The gnoll hits you from afar with a +0 spear.
The gnoll hits you but does no damage.
You are too injured to fight recklessly!
Unknown command.
You block the gnoll's attack. The gnoll hits you with a +0 club!
* * * LOW HITPOINT WARNING * * *
A demonic guardian appears!
Your quasit closely misses the gnoll.
Your quasit barely misses the gnoll.
Your quasit claws the gnoll but does no damage.
Okay, then.
It was a potion of degeneration.
There was something very wrong with that liquid.
You feel weakened.
You feel dopey.
You feel clumsy. The gnoll barely misses you.
Your quasit completely misses the gnoll.
Your quasit claws the gnoll but does no damage.
Your quasit completely misses the gnoll.
It was a potion of magic.
Magic courses through your body.
Your quasit barely misses the gnoll.
Your quasit claws the gnoll.
Your quasit completely misses the gnoll.
The gnoll hits you with a +0 club!
You die...

#.....#........#
#..............#
#..............#
#.#.....g......#
#.#.....g.g....# .
########.########.....# ..
......(..# #...5.....# ...
.........####†..g..#####....
.........##.....@...........
#................##.........
#....##..........##.......#
#....##.....................
#....##.............####....
#....#####..........# #....
......# #..........####....
......#
##...............########
......#
#................#.......


You could see 2 gnolls and a friendly quasit (summoned).

Vanquished Creatures
  2 adders (D:2)
  4 endoplasms
  2 giant cockroaches (D:1)
  5 goblins
  A hobgoblin (D:3)
  A kobold (D:1)
  2 quokkas (D:1)
  5 ball pythons
  6 bats
  7 frilled lizards
  2 rats
37 creatures vanquished.

Notes
Turn   | Place    | Note
-------+----------+-------------------------------------------
     0 | D:1      | ces the Demonspawn Fighter began the quest for the Orb.
     0 | D:1      | Reached XP level 1. HP: 18/18 MP: 1/1
   438 | D:1      | Gained mutation: You may rarely emit foul miasma when
                  | damaged in melee. [demonic ancestry]
   438 | D:1      | Reached XP level 2. HP: 20/24 MP: 2/2
   852 | D:1      | Found a faded altar of an unknown god.
  1429 | D:1      | Gained mutation: A weak demonic guardian rushes to your
                  | aid. [demonic ancestry]
  1429 | D:1      | Reached XP level 3. HP: 29/29 MP: 3/3
  2292 | D:2      | You fall into a shaft and drop 1 floor!
  2476 | D:3      | Slain by a gnoll

Illustrated notes

Levels and vault maps discovered:
D:1:      amcnicky_arrival_flooded_fountain, layout_loops_corners,
          hellmonk_ecumenical_altar_inner_sanctum
D:2:      layout_basic
D:3:      layout_basic, nicolae_qazlal_eye_of_the_storm

Skill      XL: |  1  2 |
---------------+-------+-----
Armour         | 3 |  3.0
Axes           | 2 |  2.8
Shields        | 3 |  3.0
Fighting       | |  3.3
Dodging        | |  0.1

Action                   || total
-------------------------++-------
Melee: War axe           ||   148
  Use: Scroll            ||     1
       Potion            ||     2
Armor: Scale mail        ||    77
Dodge: Dodged            ||    56
Block: Kite shield       ||   111
